 Dungeon Crawl Stone Soup version 0.30.1-11-g7821555f0a (webtiles) character file.

Game seed: 14326852618990297290

2606 Smolboi the Fighter (level 9, 0/60 HPs)
             Began as a Gargoyle Berserker on Jan 10, 2024.
             Was an Elder of Trog.
             Shot with an arrow by a centaur (4 damage)
             ... on level 8 of the Dungeon.
             The game lasted 00:08:23 (6092 turns).

Smolboi the Fighter (Gargoyle Berserker)            Turns: 6092, Time: 00:08:24

Health: 0/60       AC: 17    Str: 21    XL:     9   Next: 59%
Magic:  9/9        EV: 13    Int: 14    God:    Trog [****..]
Gold:   348        SH:  5    Dex: 13    Spells: 8/8 levels left

rFire   . . .        J - +1 broad axe (flame)
rCold   . . .        (no shield)
rNeg    + . .        K - +0 acid dragon scales
rPois   ∞            g - +0 helmet
rElec   +            v - +0 cloak
rCorr   +            (no gloves)
SInv    .            r - +0 pair of boots
Will    .....        t - amulet of reflection
Stlth   +            H - +6 ring of intelligence
HPRegen 0.30/turn    (no ring)
MPRegen 0.11/turn

%: reflection
@: no status effects
A: sickness immunity, AC +6, negative energy resistance 1, electricity
resistance, torment resistance 1, petrification resistance
a: Renounce Religion, Berserk, Trog's Hand, Brothers in Arms


You were on level 8 of the Dungeon.
You worshipped Trog.
Trog was greatly pleased with you.
You visited 2 branches of the dungeon, and saw 9 of its levels.

You collected 449 gold pieces.
You spent 101 gold pieces at shops.

Inventory:

Hand Weapons
 I - a +1 battleaxe of freezing
 J - a +1 broad axe of flaming (weapon)
Armour
 g - a +0 helmet (worn)
 r - a +0 pair of boots (worn)
 v - a +0 cloak (worn)
 K - +0 acid dragon scales (worn)
Jewellery
 s - a ring of ice
 t - an amulet of reflection (around neck)
 D - a ring of magical power
 E - a ring of wizardry
 F - an amulet of magic regeneration
 H - a +6 ring of intelligence (left hand)
Wands
 k - a wand of roots (14)
Scrolls
 c - 4 scrolls of noise {unknown}
 f - a scroll of fear {unknown}
 j - 7 scrolls of teleportation {unknown}
 l - 2 scrolls of vulnerability {unknown}
 m - 4 scrolls of identify {unknown}
 p - a scroll of torment {unknown}
 q - a scroll of enchant weapon {unknown}
 u - 2 scrolls of blinking {unknown}
 w - 4 scrolls of enchant armour {unknown}
 y - a scroll of acquirement {unknown}
 C - a scroll of magic mapping {unknown}
 G - a scroll of fog {unknown}
Potions
 a - 2 potions of ambrosia {unknown}
 b - a potion of flight {unknown}
 d - 2 potions of brilliance
 e - 2 potions of might {unknown}
 h - a potion of attraction {unknown}
 i - a potion of cancellation {unknown}
 n - 2 potions of mutation {unknown}
 o - a potion of degeneration {unknown}
 x - 2 potions of curing {unknown}
 z - a potion of heal wounds {unknown}
 A - 2 potions of resistance {unknown}
 B - a potion of berserk rage {unknown}


   Skills:
 * Level 8.8 Fighting
 * Level 7.3 Axes
 + Level 5.9 Armour
 + Level 4.5 Dodging
 + Level 0.0 Stealth


You had 8 spell levels left.
You didn't know any spells.
Your spell library contained the following spells:

 Spells                   Type           Power      Damage    Failure   Level
 Slow                     Hex            0%         N/A       34%         1
 Confusing Touch          Hex            0%         N/A       71%         3
 Frozen Ramparts          Ice            0%         1d1       71%         3
 Vampiric Draining        Necr           0%         2d6       71%         3
 Ice Form                 Ice/Tmut       0%         N/A       98%         4
 Leda's Liquefaction      Hex/Erth       0%         N/A       98%         4
 Summon Ice Beast         Ice/Summ       0%         N/A       98%         4
 Lee's Rapid Deconstruct  Erth           0%         3d4*      100%        5
 Summon Mana Viper        Hex/Summ       0%         N/A       100%        5
 Monstrous Menagerie      Summ           0%         N/A       100%        7
 Statue Form              Tmut/Erth      Unusable   N/A       N/A         6

Dungeon Overview and Level Annotations

Branches:
Dungeon (8/15)             Temple (1/1) D:5
   Lair: D:8-11

Altars:
Ashenzari
Cheibriados
Dithmenos
Elyvilon
Fedhas
Gozag
Hepliaklqana
Makhleb
Nemelex Xobeh
Okawaru
Qazlal
Ru
Uskayaw
Vehumet
Wu Jian
Zin
The Shining One

Shops:
D:5 *


Innate Abilities, Weirdness & Mutations

You are immune to sickness and miasma.
Your stone body is resilient. (AC +6)
You are immune to poison.
You resist negative energy. (rN+)
You are resistant to electric shocks. (rElec)
You are resistant to unholy torment.
You are immune to petrification.


Message History

The centaur shoots an arrow.
The arrow closely misses you.
The centaur shoots an arrow.
The arrow closely misses you.
The centaur shoots an arrow.
The arrow barely misses you.
The centaur shoots an arrow.
The arrow closely misses you.
You see here 2 poisoned darts.
You start resting.
You hear the faint creaking of a very distant portcullis.
You start resting.
A wyvern comes into view.
The wyvern moves out of view.
You start resting.
You hear the faint creaking of a very distant portcullis.
You see here 2 poisoned darts.
The centaur shoots an arrow.
The arrow hits you but does no damage.
A centaur comes into view.
You hear a shout!
The centaur shouts!
The wyvern hisses angrily.
The centaur shoots an arrow.
The arrow hits you but does no damage.
The centaur shoots an arrow.
You block the arrow with an invisible shield... and reflect it back!
The arrow hits the centaur!
The centaur wields a +0 shortbow.
The centaur shoots an arrow.
The arrow hits you.
The centaur shoots an arrow.
The arrow hits you.
The centaur shoots an arrow.
The arrow closely misses you.
The centaur shoots an arrow.
The arrow hits you but does no damage.
The centaur shoots an arrow.
The arrow hits you!
* * * LOW HITPOINT WARNING * * *
The centaur shoots an arrow.
The arrow barely misses you.
The centaur shoots an arrow.
The arrow hits you!
* * * LOW HITPOINT WARNING * * *
A centaur comes into view.
The centaur shouts!
The centaur shoots an arrow.
The arrow closely misses you.
The centaur wields a +0 shortbow.
The centaur shoots an arrow.
The arrow misses you.
The centaur shoots an arrow.
The arrow closely misses you. The wyvern attacks as you move away!
You block the wyvern's attack.
The centaur shoots an arrow.
The arrow hits you.
* * * LOW HITPOINT WARNING * * *
The centaur shoots an arrow.
The arrow hits you.
You die...

#..c≈≈≈..........#
.ccc≈≈≈≈#.########
.cc≈≈≈≈≈..#...#
...≈≈≈≈≈..#.#.#
..≈≈≈≈≈≈....#.#
≈≈≈≈≈≈≈≈....#.#
≈≈≈≈≈≈#.#.##.#
≈≈≈....l#.(..#
.#####.@######
#..# #..# #..#
.... ....# +####


You could see a wyvern and 5 centaurs.

Vanquished Creatures
  Maggie (D:7)
  Menkaure (D:4)
  A water moccasin (D:5)
  3 ice beasts
  A black bear (D:7)
  A centaur (D:7)
  2 ogres
  A phantom (D:5)
  A bullfrog (D:7)
  A kobold brigand (D:7)
  A scorpion (D:7)
  7 wights (D:6)
  2 howler monkeys
  3 jellies
  3 orc priests
  Crazy Yiuf (D:2)
  2 hounds
  Natasha (thrice) (D:3)
  5 iguanas
  3 orc wizards
  Robin (D:2)
  5 adders
  2 ufetubi
  2 worms
  7 dart slugs
  25 orcs
  8 endoplasms
  2 giant cockroaches
  12 hobgoblins
  4 jackals
  15 kobolds
  A quokka (D:1)
  4 ball pythons
  3 bats
  5 frilled lizards
  15 goblins
  3 rats (D:1)
157 creatures vanquished.

Notes
Turn   | Place    | Note
-------+----------+-------------------------------------------
     0 | D:1      | Smolboi the Gargoyle Berserker began the quest for the Orb.
     0 | D:1      | Reached XP level 1. HP: 14/14 MP: 1/1
   197 | D:1      | Reached XP level 2. HP: 13/19 MP: 2/2
   282 | D:1      | Found a faded altar of an unknown god.
   458 | D:1      | Reached XP level 3. HP: 17/24 MP: 3/3
   724 | D:2      | Found an iron altar of Okawaru.
   724 | D:2      | Noticed Robin
   772 | D:1      | Reached ** piety under Trog
   816 | D:1      | Reached skill level 4 in Fighting
   892 | D:2      | Killed Robin
   893 | D:2      | Reached XP level 4. HP: 29/29 MP: 4/4
  1371 | D:2      | Found a runed translucent door.
  1372 | D:2      | Noticed Crazy Yiuf
  1791 | D:3      | Reached XP level 5. HP: 34/34 MP: 5/5
  2005 | D:3      | Noticed Natasha
  2011 | D:3      | Killed Natasha
  2011 | D:3      | Reached *** piety under Trog
  2083 | D:3      | Noticed Natasha
  2089 | D:3      | Killed Natasha
  2163 | D:3      | Identified the +4 short sword of Rihej {heavy, +Blink Str+4
                  | Int+3}
  2288 | D:3      | Noticed Natasha
  2293 | D:3      | Killed Natasha
  2294 | D:3      | Reached skill level 5 in Fighting
  2294 | D:3      | Reached XP level 6. HP: 40/40 MP: 6/6
  2714 | D:2      | Killed Crazy Yiuf
  2927 | D:4      | Reached XP level 7. HP: 45/45 MP: 7/7
  2951 | D:4      | Noticed Menkaure
  2958 | D:4      | Killed Menkaure
  2959 | D:4      | Reached skill level 6 in Fighting
  3052 | D:4      | Reached skill level 5 in Axes
  3297 | D:5      | Entered Level 5 of the Dungeon
  3297 | D:5      | Found Byeg's Assorted Antiques.
  3411 | D:5      | Reached XP level 8. HP: 45/52 MP: 8/8
  3458 | D:5      | Bought a scroll labelled HAETHA PUDWOBB for 26 gold pieces
  3458 | D:5      | Bought a sedimented grey potion for 23 gold pieces
  3458 | D:5      | Bought a scroll labelled GAUSACICVI for 26 gold pieces
  3458 | D:5      | Bought a scroll labelled HAETHA PUDWOBB for 26 gold pieces
  3668 | D:5      | Found a staircase to the Ecumenical Temple.
  3684 | Temple   | Entered the Ecumenical Temple
  3877 | D:5      | You fall into a shaft and drop 2 floors!
  3986 | D:5      | Found a glowing golden altar of the Shining One.
  3986 | D:5      | Found a sparkling altar of Nemelex Xobeh.
  4171 | D:5      | Reached skill level 7 in Fighting
  4320 | D:6      | Found a hide-covered altar of Uskayaw.
  4608 | D:6      | Identified the +3 robe of Mosh {Int+2}
  4875 | D:6      | Reached skill level 5 in Armour
  5270 | D:7      | Reached XP level 9. HP: 59/59 MP: 9/9
  5406 | D:7      | Noticed Maggie
  5420 | D:7      | Killed Maggie
  5421 | D:7      | Reached skill level 8 in Fighting
  5734 | D:7      | Reached **** piety under Trog
  6092 | D:8      | Shot with an arrow by a centaur

Illustrated notes

Levels and vault maps discovered:
D:1:      dpeg_arrival_water_fire, layout_basic,
          chequers_ecumenical_altar_simple_redux
D:2:      layout_basic, basic_altar, uniq_robin, uniq_crazy_yiuf_cottage
D:3:      layout_loops_ring, uniq_natasha
D:4:      layout_rooms, kennysheep_generic_room_5, uniq_menkaure
D:5:      layout_basic, gammafunk_temple_overflow_statue,
          minmay_temple_entry_glassed_door, nicolae_stop_n_shop_2
D:6:      layout_basic, amcnicky_altar_gilded
D:7:      layout_gridville, uniq_maggie
D:8:      layout_basic, enter_bailey_5, centaur_isle
Temple:   hellmonk_temple_forest_ring

Skill      XL: |  1  2  3  4  5  6  7  8  9 |
---------------+----------------------------+-----
Axes           | 3 4 5 6 7 |  7.3
Fighting       | 4 5 6 7 8 |  8.8
Dodging        | 2 3 4 |  4.5
Armour         | 3 4 5 |  5.9

Action                     |  1- 3 |  4- 6 |  7- 9 || total
---------------------------+-------+-------+-------++-------
  Melee: Hand axe          |   101 |   132 |   144 ||   377
         Punch             |     1 |     1 |     5 ||     7
         Battleaxe         |       |       |    27 ||    27
         Broad axe         |       |       |    40 ||    40
 Invoke: Berserk           |     1 |     4 |     4 ||     9
 Armour: Animal skin       |    32 |     8 |       ||    40
         Ring mail         |       |    35 |    52 ||    87
         Robe              |       |       |     7 ||     7
         Acid dragon scale |       |       |    40 ||    40
  Dodge: Dodged            |    83 |    52 |   123 ||   258
  Block: Other             |       |     8 |    55 ||    63
         Reflection        |       |     1 |     8 ||     9
